 Dungeon Crawl Stone Soup version 0.28.0-53-g5a82cb258f (webtiles) character file.

Game seed: 5414284712293269254

74 buhh the Skirmisher (level 4, 0/34 HPs)
             Began as a Djinni Fire Elementalist on June 17, 2022.
             Slain by a wight
             ... wielding a +2 battleaxe
              (18 damage)
             ... on level 2 of the Dungeon.
             The game lasted 00:04:12 (2732 turns).

buhh the Skirmisher (Djinni Fire Elementalist)      Turns: 2732, Time: 00:04:13

Health: 0/34       AC:  2    Str: 13    XL:     4   Next: 52%
Gold:   105        EV: 12    Int: 19    God:
                   SH:  0    Dex: 13

rFire   + + .      SeeInvis .   (no weapon)
rCold   x . .      Faith    .   (no shield)
rNeg    . . .      Spirit   .   a - +0 robe
rPois   ∞          Reflect  .   (no helmet)
rElec   .          Harm     .   (no cloak)
rCorr   .          Rampage  .   (no gloves)
Will    .....                   (boots unavailable)
Stlth   ++........              (no amulet)
HPRegen 0.11/turn               g - +6 ring of strength
MPRegen 0.00/turn               (no ring)

@: flying
A: sickness immunity, fire resistance 2, cold vulnerability 1, float, innate
caster, HP casting, extra vitality 1
a: no special abilities


You were on level 2 of the Dungeon.
You visited 1 branch of the dungeon, and saw 3 of its levels.

You collected 105 gold pieces.

Inventory:

Armour
 a - a +0 robe (worn)
Jewellery
 g - a +6 ring of strength (left hand)
Wands
 f - a wand of flame (14)
Scrolls
 b - a scroll of noise {unknown}
 d - a scroll of identify {unknown}
 e - a scroll of fear {unknown}
Potions
 c - a potion of might {unknown}
 M - a potion of heal wounds {!q!d}


   Skills:
 * Level 2.9 Fighting
 - Level 2.6 Dodging
 - Level 2.0 Stealth
 - Level 2.6 Spellcasting


You couldn't memorise any spells.
You knew the following spells:

 Your Spells              Type           Power      Damage    Failure   Level
a - Foxfire               Conj/Fire      48%        2x1d6     5%          1
b - Scorch                Fire           24%        2d6       9%          2
c - Conjure Flame         Conj/Fire      12%        6-21      16%         3
d - Inner Flame           Hex/Fire       12%        N/A       16%         3
e - Flame Wave            Conj/Fire      12%        2d6       47%         4
f - Freeze                Ice            48%        1d7       5%          1
Your spell library was empty.

Dungeon Overview and Level Annotations

Branches:
Dungeon (3/15)

Altars:

Annotations:
D:3 1 runed translucent door, firemarshallily's ghost, amateur NaMo


Innate Abilities, Weirdness & Mutations

You are immune to sickness and miasma.
You are immune to poison.
Your flesh is very heat resistant. (rF++)
You are vulnerable to cold. (rC-)
You float through the air rather than walking.
You learn spells naturally, not from books.
Your magical power is your life essence.
You have superior vitality. (+4 MHP)


Message History

Where to? (Enter - D:2 @ (x,y), ? - help)
You see here 23 stones.
You see here 16 stones.
There is a stone staircase leading down here.
You fly downwards.
Firemarshallily's ghost turns its malevolent gaze towards you.
There is a stone staircase leading up here.
There are monsters nearby!
The wight hits you with a +2 battleaxe!
You fly upwards.
There is a stone staircase leading down here.
You conjure some foxfire!
The wight hits you with a +2 battleaxe!
* * * LOW HITPOINT WARNING * * *
The wight closely misses your foxfire.
The foxfire hits the wight.
The wight is lightly damaged.
The foxfire hits the wight.
The wight is heavily damaged.
It was a potion of heal wounds.
You feel much better.
M - a potion of heal wounds
Casting: Foxfire (safe; 5% risk of failure)
Press: ? - help, Q - select action, (/) - cycle Dir - look around, f - activate You conjure some foxfire!
The wight hits you with a +2 battleaxe.
The wight completely misses your foxfire.
The wight closely misses your foxfire.
Casting: Foxfire (safe; 5% risk of failure)
Press: ? - help, Q - select action, (/) - cycle Dir - look around, f - activate
There is not enough space to conjure foxfire!
The foxfire hits the wight but does no damage.
The wight is heavily damaged.
The foxfire hits the wight.
The wight is severely damaged.
The wight completely misses you.
Casting: Foxfire (safe; 5% risk of failure)
Press: ? - help, Q - select action, (/) - cycle Dir - look around, f - activate You conjure some foxfire!
The wight hits you with a +2 battleaxe!!
Ouch! That really hurt!
You die...

..........##.# #...#
#.....#.
#............#######.#.#
#...#...
#..###########.........#
#)#..... ...#
#.###.###.# #)##.#.#
##.# #.#.....#.#
#.##.#.. #.#
#.#.....#.###.##.### #.#
####..........(........
#.#
#....#vz...#..###..####
#.# #.#..#@v...#..# #..#
##.# #.#..###)###.##
#..# ...# #.##.........#
#..# #### #.#####.######
#..# ## #(# #.# #..# .#
#.# #.# #..# .# ####.#
#.# #..# .# #....#
#.#########..# ## #.####
#......).....#


You could see a wight (ally target).

Vanquished Creatures
  2 adders (D:2)
  An ufetubus (D:2)
  A worm (D:2)
  A dart slug (D:1)
  4 ball pythons
  5 bats
  6 endoplasms
  2 giant cockroaches (D:2)
  4 goblins
  3 hobgoblins (D:2)
  6 kobolds
  2 quokkas
  6 rats (D:1)
43 creatures vanquished.

Vanquished Creatures (others)
  157 foxfires
157 creatures vanquished.

Grand Total: 200 creatures vanquished

Notes
Turn   | Place    | Note
-------+----------+-------------------------------------------
     0 | D:1      | buhh the Djinni Fire Elementalist began the quest for the
                  | Orb.
     0 | D:1      | Reached XP level 1. HP: 15/15 MP: 0/0
   340 | D:1      | Reached XP level 2. HP: 21/21 MP: 0/0
   770 | D:1      | You are sucked into a shaft and drop 1 floor!
   993 | D:2      | Reached XP level 3. HP: 21/27 MP: 0/0
   993 | D:2      | Learned a level 1 spell: Freeze
  1700 | D:1      | Found a faded altar of an unknown god.
  1726 | D:1      | Reached XP level 4. HP: 31/33 MP: 0/0
  2724 | D:3      | Noticed firemarshallily's ghost (amateur NaMo)
  2724 | D:3      | Found a runed translucent door.
  2732 | D:2      | Slain by a wight

Illustrated notes

Levels and vault maps discovered:
D:1:      evilmike_arrival_crescent, layout_loops_ring,
          ebering_ecumenical_altar_abandoned
D:2:      layout_loops_ring, st_stairs_3
D:3:      layout_basic, hellmonk_ghost_happy_afterlife, uniq_sigmund

Skill      XL: |  1  2  3 |
---------------+----------+-----
Stealth        | 2 |  2.0
Fighting       | 1 2 |  2.9
Dodging        | |  2.6
Spellcasting   | |  2.6

Action                   |  1- 3 |  4- 6 || total
-------------------------+-------+-------++-------
 Cast: Foxfire           |    77 |    32 ||   109
  Use: Potion            |       |     1 ||     1
Armor: Robe              |     4 |     1 ||     5
Dodge: Dodged            |    15 |     5 ||    20
